 Dungeon Crawl Stone Soup version 0.29.1-14-g9c671dbff4 (webtiles) character file.

Game seed: 10824173410281842560

6686 croobank the Covert (level 11, -4/72 HPs)
             Began as an Octopode Delver on Feb 13, 2023.
             Was an Initiate of Gozag.
             Slain by an orc knight
             ... wielding a +0 halberd
              (27 damage)
             ... in a bailey on Feb 14, 2023.
             The game lasted 00:32:51 (8949 turns).

croobank the Covert (Octopode Delver)               Turns: 8949, Time: 00:32:52

Health: -4/72      AC:  1    Str: 12    XL:     11   Next: 3%
Magic:  19/20      EV: 14    Int: 17    God:    Gozag
Gold:   673        SH:  5    Dex: 13    Spells: 17/23 levels left

rFire   . . .      SeeInvis .   q - +2 trident "Wyute" {venom, rPois}
rCold   . . .      Faith    .   (no shield)
rNeg    + . .      Spirit   .   (helmet restricted)
rPois   +          Reflect  +   r - amulet of reflection
rElec   .          Harm     .   F - ring of positive energy
rCorr   .          Rampage  .   (no ring)
Will    .....                   (no ring)
Stlth   +++++.....              (no ring)
HPRegen 0.22/turn               (no ring)
MPRegen 0.17/turn               (no ring)
                                (no ring)
                                (no ring)

@: gold aura, invisible
A: almost no armour, amphibious, 8 rings, camouflage 1, gelatinous body 1,
(nimble swimmer 1), tentacles
a: Renounce Religion, Potion Petition, Call Merchant, Bribe Branch


You were in a bailey.
You worshipped Gozag.
Gozag was pleased with you.
You visited 1 branch of the dungeon, and saw 7 of its levels.
You also visited: Sewer and Bailey.

You collected 1038 gold pieces.
You spent 275 gold pieces at shops.
You paid 90 gold pieces to Gozag.

Inventory:

Hand Weapons
 a - a +1 hand axe of draining
 c - a +0 short sword
 j - a +2 dagger of freezing
 q - the +2 trident "Wyute" (weapon) {venom, rPois}
   (You found it on level 3 of the Dungeon)

   It poisons the flesh of those it strikes.
   rPois:     It protects you from poison.
 y - the +4 whip "Mecorche" {drain, rN++}
   (You found it on level 2 of the Dungeon)

   A truly terrible weapon, it drains the life of any living foe it strikes.
   rN:        It greatly protects you from negative energy.
 K - a +0 bardiche
Missiles
 L - 3 curare-tipped darts (quivered)
Magical Staves
 H - a staff of fire
Jewellery
 r - an amulet of reflection (around mantle)
 v - a ring of fire
 F - a ring of positive energy (left tentacle)
 J - an amulet of guardian spirit
Wands
 f - a wand of digging (3)
 g - a wand of polymorph (8)
 E - a wand of quicksilver (6)
 I - a wand of roots (1)
 M - a wand of flame (17)
Scrolls
 b - a scroll of fog
 d - 2 scrolls of blinking
 h - 2 scrolls of fear
 k - 3 scrolls of enchant armour
 m - a scroll of enchant weapon
 n - a scroll of brand weapon
 u - a scroll of amnesia
 D - 2 scrolls of teleportation
Potions
 e - 6 potions of haste
 i - 3 potions of resistance
 l - 2 potions of brilliance
 o - 5 potions of heal wounds
 p - a potion of magic
 s - 6 potions of invisibility
 t - a potion of berserk rage
 w - 2 potions of curing
 x - 3 potions of ambrosia
 z - a potion of lignification
 A - a potion of cancellation
 B - 3 potions of might
 C - a potion of attraction
 O - a potion of mutation


   Skills:
 + Level 5.4 Fighting
 - Level 3.2(3.9) Axes
 + Level 3.3(4.0) Polearms
 + Level 4.9 Dodging
 + Level 9.4 Stealth
 + Level 6.5 Spellcasting
 * Level 5.3 Conjurations
 - Level 6.1 Transmutations
 - Level 6.1 Fire Magic
 - Level 6.1 Ice Magic
 * Level 5.2 Air Magic
 + Level 6.4 Poison Magic


You had 17 spell levels left.
You knew the following spells:

 Your Spells              Type           Power      Damage    Failure   Level
a - Mephitic Cloud        Conj/Pois/Air  24%        N/A       3%          3
b - Ignite Poison         Fire/Tmut/Pois 26%        N/A       2%          3

Your spell library contained the following spells:

 Spells                   Type           Power      Damage    Failure   Level
 Magic Dart               Conj           92%        1d7       1%          1
 Inner Flame              Hex/Fire       15%        N/A       11%         3
 Apportation              Tloc           10%        N/A       12%         1
 Necrotise                Necr           20%        1d5       12%         1
 Summon Small Mammal      Summ           20%        N/A       12%         1
 Call Imp                 Summ           5%         N/A       19%         2
 Freezing Cloud           Conj/Ice/Air   12%        6-21      34%         5
 Vampiric Draining        Necr           5%         2d6       36%         3
 Cause Fear               Hex            2%         N/A       77%         4
 Agony                    Necr           5%         N/A       98%         5
 Discord                  Hex            2%         N/A       100%        8


Dungeon Overview and Level Annotations

Branches:
Dungeon (7/15)             Temple (0/1) D:4           Sewer (visited)
 Bailey (1/1)

Altars:
Gozag
Hepliaklqana
Kikubaaqudgha
Makhleb
Sif Muna
Uskayaw
Yredelemnul
The Shining One

Shops:
D:4 !


Innate Abilities, Weirdness & Mutations

You cannot wear most types of armour.
You are amphibious.
You can wear up to eight rings at the same time.
Your skin changes colour to match your surroundings (Stealth+).
Your rubbery body absorbs attacks. (AC +1, EV +1)
((You are camouflaged when in or above water. (Stealth+)))
You have tentacles for arms and can constrict up to eight enemies at once.


Message History

Your orc priest barely misses the orc warrior.
Your orc misses the orc knight.
Your orc hits the orc with a +0 war axe.
Reach: q) +2 trident "Wyute" {venom, rPois}
Press: ? - help, Dir - move target, f/p - orc knight
Aim: an orc knight, wielding a +0 halberd and wearing a +0 chain mail (moderately wounded, strong, unable to see you, ally target, about 40% to evade the +2 trident "Wyute")
You could not reach far enough!
The orc hits your orc with a +0 trident.
Your orc dies!
Your orc's corpse dissolves into shadows!
The orc knight misses your orc.
The orc warrior hits your gnoll with a +0 spear!
The orc knight is distracted by your dazzling golden aura.
The orc barely misses your gnoll.
Your gnoll closely misses the orc warrior.
Your orc priest hits the orc warrior but does no damage.
Your orc closely misses the orc knight.
Your orc barely misses the orc knight.
Your orc hits the orc but does no damage.
Reach: q) +2 trident "Wyute" {venom, rPois}
Press: ? - help, Dir - move target, f/p - orc knight
Aim: an orc knight, wielding a +0 halberd and wearing a +0 chain mail (moderately wounded, strong, unable to see you, ally target, about 40% to evade the +2 trident "Wyute")
You could not reach far enough!
The orc knight is no longer distracted by gold.
The orc warrior hits your orc priest with a +0 spear!
The orc knight hits your orc with a +0 halberd!
Your orc dies!
Your orc's corpse dissolves into shadows!
The orc hits your orc with a +0 trident.
Your gnoll hits the orc with a +0 whip.
Your orc priest barely misses the orc warrior.
Your gnoll hits the orc warrior with a +0 whip.
Your orc hits the orc but does no damage.
Your orc hits the orc knight but does no damage.
Reach: q) +2 trident "Wyute" {venom, rPois}
Press: ? - help, Dir - move target, f/p - orc knight
Aim: an orc knight, wielding a +0 halberd and wearing a +0 chain mail (moderately wounded, strong, unable to see you, ally target, about 40% to evade the +2 trident "Wyute")
You could not reach far enough!
The orc closely misses your gnoll.
The orc knight hits you from afar with a +0 halberd!!
You die...
Your body crumbles into a pile of gold.

#.......#
#.......#
#.......#
#.o.....#
#.o?.o..#
#..g??o.#
#..oooo.#
#..oog..#
##@.o..##
#######


You could see 3 orc knights, 2 orc warriors, 2 orcs, 2 friendly orc priests, 2
friendly gnolls and 2 friendly orcs.

Vanquished Creatures
  2 orc warriors (Bailey)
  2 black bears
  An ice beast (D:6)
  2 ogres
  A centaur (D:6)
  A scorpion (D:4)
  A necrophage (D:6)
  A jelly (D:4)
  2 gnoll boudas
  2 orc priests
  3 hounds
  7 iguanas
  Ijyb (D:4)
  Jessica (D:3)
  10 gnolls
  5 adders
  6 river rats (Sewer)
  2 ufetubi
  2 worms (D:3)
  A dart slug (D:4)
  28 orcs
  4 bats
  6 endoplasms
  2 giant cockroaches
  19 goblins
  13 jackals
  21 kobolds
  5 quokkas
  15 ball pythons
  4 frilled lizards
  22 rats
192 creatures vanquished.

Vanquished Creatures (collateral kills)
  An orc warrior (Bailey)
  2 orcs (Bailey)
3 creatures vanquished.

Grand Total: 195 creatures vanquished

Notes
Turn   | Place    | Note
-------+----------+-------------------------------------------
     0 | D:5      | croobank the Octopode Delver began the quest for the Orb.
     0 | D:5      | Reached XP level 1. HP: 16/16 MP: 1/1
    19 | D:6      | Noticed a necrophage
    46 | D:5      | Noticed an ogre
    57 | D:4      | Noticed a black bear
    58 | D:4      | Noticed a gnoll bouda
   114 | D:3      | Reached XP level 2. HP: 15/21 MP: 2/2
   220 | D:3      | Found a glowing drain.
   464 | Sewer    | Entered a sewer
   497 | Sewer    | Reached XP level 3. HP: 26/26 MP: 3/3
   623 | Sewer    | Reached skill level 7 in Stealth
  1048 | Sewer    | Reached XP level 4. HP: 31/31 MP: 4/4
  1813 | D:3      | Identified the +2 trident "Wyute" {venom, rPois}
  1873 | D:3      | Noticed Jessica
  1878 | D:3      | Killed Jessica
  1879 | D:3      | Reached XP level 5. HP: 37/37 MP: 5/5
  2660 | D:1      | Found a faded altar of an unknown god.
  3081 | D:2      | Found an ancient bone altar of Kikubaaqudgha.
  3520 | D:2      | Identified the +4 whip "Mecorche" {drain, rN++}
  3665 | D:3      | Found an opulent altar of Gozag.
  3681 | D:3      | Became a worshipper of Gozag Ym Sagoz the Greedy
  3931 | D:3      | Found a glowing golden altar of the Shining One.
  3931 | D:3      | Found a shimmering blue altar of Sif Muna.
  4089 | D:3      | Reached skill level 1 in Polearms
  4089 | D:3      | Reached XP level 6. HP: 32/43 MP: 6/6
  4407 | D:4      | Reached skill level 8 in Stealth
  4631 | D:4      | Killed a black bear
  4632 | D:4      | Reached skill level 1 in Spellcasting
  4909 | D:5      | Reached XP level 7. HP: 37/49 MP: 7/9
  4988 | D:5      | Learned a level 3 spell: Mephitic Cloud
  5729 | D:6      | Reached skill level 1 in Conjurations
  5729 | D:6      | Reached skill level 1 in Air Magic
  5729 | D:6      | Reached skill level 1 in Poison Magic
  5947 | D:4      | Found Ucyos's Distillery.
  5950 | D:4      | Bought a potion of might for 44 gold pieces
  5950 | D:4      | Bought a potion of invisibility for 88 gold pieces
  5950 | D:4      | Bought a potion of curing for 33 gold pieces
  5950 | D:4      | Bought a potion of haste for 110 gold pieces
  6104 | D:4      | Found a staircase to the Ecumenical Temple.
  6186 | D:4      | Reached XP level 8. HP: 28/54 MP: 9/11
  6467 | D:4      | Noticed Ijyb
  6477 | D:4      | Killed Ijyb
  6954 | D:4      | Found a basalt altar of Yredelemnul.
  7054 | D:4      | Reached skill level 5 in Fighting
  7273 | D:4      | Found a burning altar of Makhleb.
  7377 | D:6      | Found a hazy altar of Hepliaklqana.
  7384 | D:6      | Learned a level 3 spell: Ignite Poison
  7425 | D:6      | Reached skill level 9 in Stealth
  7601 | D:6      | Found a hide-covered altar of Uskayaw.
  8152 | D:7      | Found a flagged portal.
  8357 | Bailey   | Entered a bailey
  8675 | Bailey   | Reached XP level 9. HP: 54/61 MP: 4/13
  8911 | Bailey   | Noticed an orc knight
  8911 | Bailey   | Noticed an orc knight
  8915 | Bailey   | Reached skill level 5 in Spellcasting
  8915 | Bailey   | Reached skill level 5 in Conjurations
  8915 | Bailey   | Reached skill level 5 in Air Magic
  8915 | Bailey   | Reached XP level 10. HP: 66/66 MP: 13/17
  8916 | Bailey   | Reached XP level 11. HP: 72/72 MP: 13/20
  8932 | Bailey   | Noticed an orc knight
  8949 | Bailey   | Slain by an orc knight

Illustrated notes

Levels and vault maps discovered:
D:1:      tarquinn_simple_flora_water_a, layout_loops_corners,
          shapermc_ecumenical_altar_totnotflames, nicolae_figureground_pulse
D:2:      layout_basic, basic_altar
D:3:      minmay_general_purpose_star, layout_basic,
          nicolae_gozag_cash_rules_everything_around_me,
          mainiacjoe_overflow_divided_tiny, cheibrodos_sewer_entry_drain,
          dreamdust_mushroom_princess, uniq_jessica
D:4:      kennysheep_goblin_castle, layout_basic,
          mainiacjoe_overflow_concentric_impassable,
          makhleb_blood_cavern_becter, minmay_temple_entry_junction_2,
          serial_shops, nicolae_take_the_stairs
D:5:      layout_basic
D:6:      layout_rooms, nicolae_hepliaklqana_hippocampus, kennysheep_mini
D:7:      layout_basic, enter_bailey_5, minmay_starry_boxes
Bailey:   bailey_polearm_5, bailey

Skill      XL: |  1  2  3  4  5  6  7  8  9 10 |
---------------+-------------------------------+-----
Stealth        | 7 8 9 |  9.4
Axes           | 3 |  3.2
Dodging        | 3 4 |  4.9
Fighting       | 4 5 |  5.4
Polearms       | 1 2 3 |  3.3
Spellcasting   | 1 2 5 6 |  6.5
Conjurations   | 1 2 5 |  5.3
Air Magic      | 1 2 5 |  5.2
Poison Magic   | 1 3 6 |  6.4
Transmutations | 6 |  6.1
Fire Magic     | 4 6 |  6.1
Ice Magic      | 6 |  6.1

Action                   |  1- 3 |  4- 6 |  7- 9 | 10-12 || total
-------------------------+-------+-------+-------+-------++-------
Melee: Hand axe          |    52 |    46 |       |       ||    98
       Constrict         |    16 |    29 |    28 |       ||    73
       Tentacles         |    14 |    21 |    32 |       ||    67
       Trident           |       |    96 |   171 |       ||   267
       Punch             |       |       |     1 |       ||     1
 Cast: Mephitic Cloud    |       |       |     4 |       ||     4
Evoke: Wand              |       |     2 |     4 |       ||     6
  Use: Scroll            |     2 |     7 |    13 |     2 ||    24
       Potion            |       |       |     3 |     1 ||     4
 Stab: Sleeping          |     3 |    27 |    20 |       ||    50
       Distracted        |       |       |     2 |       ||     2
       Confused          |       |       |     3 |       ||     3
Armor: Skin              |       |     5 |     3 |       ||     8
Dodge: Dodged            |    28 |    58 |    67 |     5 ||   158
Block: Other             |       |    12 |    18 |     5 ||    35
       Reflection        |       |       |     1 |       ||     1
